Unix NetHack Version 3.7.0-89 Work-in-progress - last build Sep 7 2023 15:16:41 (8494bff02b67719303c47e298deaa89034127798,branch:master). Game began 2023-09-09 03:03:01, ended 2023-09-12 00:47:57. horga, lawful female human Cavewoman ----------- ------ |...<.....| #############[##[###############....`| |......)...################ ###########[ #[# |....| ------..---################# --------.----`#############-%...| ####### .C.........C| |....| # |.....C.....| --.--- # |...-----...| ##### ------- ##......{.|...| ## |...*.@######## |..C|{.{|C..| # |....u| # |...| .|...| # ..>...| |...- --...| ## |...u.| |.... ..| # |.....| |C.... .C| # |.....| ------- --- ------.------- ------- |.....^......| |............| -------------- Horga the Aborigine St:16 Dx:16 Co:17 In:8 Wi:11 Ch:8 Lawful Dlvl:7 $:51 HP:0(40) Pw:14(14) AC:-5 Xp:5/319 T:6874 Latest messages: You swap places with Slasher. You see here an orc corpse. You swap places with Slasher. You find a hidden passage. The gray unicorn butts! The gray unicorn misses! You hear some noises. The gray unicorn butts! The gray unicorn kicks! You hear some noises in the distance. You hear some noises. You hear some noises in the distance. You find a hidden passage. You stop. The white unicorn is in the way! You stop. The white unicorn is in the way! You swap places with the peaceful white unicorn. You hear some noises. You hear some noises in the distance. You hear some noises. You hear some noises in the distance. You hear some noises. You hear some noises in the distance. You swap places with Slasher. h - a potion called milky 100. You see here a unicorn horn. You see here a unicorn horn. i - a unicorn horn. What do you want to adjust? [a-jloqwyzLMO-QTVX-Z or ?*] i Adjust letter to what [ikmnpr-vxA-KNRSUW] (? see used letters)? h Swapping: h - a unicorn horn. What do you want to use or apply? [beghwY or ?*] h Nothing happens. You swap places with Slasher. You find a hidden door. The door resists! The door resists! The door opens. The gray unicorn butts! The gray unicorn kicks! The gray unicorn butts! The gray unicorn kicks! The gray unicorn misses! The gray unicorn misses! The gray unicorn butts! The gray unicorn kicks! The gray unicorn butts! The gray unicorn just misses! The gray unicorn butts! You die... Do you want to see the dungeon overview? [ynq] (y) y Inventory: Coins $ - 51 gold pieces Weapons X - 4 cursed poisoned -3 orcish arrows o - an uncursed +2 sling (alternate weapon; not wielded) q - an uncursed +0 elven dagger named !c a - an uncursed +1 club (weapon in hand) Armor O - an uncursed +0 dwarvish iron helm T - a blessed +0 helmet (being worn) j - a blessed +1 pair of leather gloves (being worn) y - an uncursed +0 pair of iron shoes P - an uncursed +0 pair of iron shoes (being worn) l - an uncursed +0 small shield (being worn) z - an uncursed +0 dwarvish cloak c - an uncursed +0 elven cloak (being worn) Q - an uncursed +0 dwarvish mithril-coat (being worn) Scrolls V - an uncursed scroll of enchant armor Z - a cursed scroll of light Potions i - an uncursed potion of healing Rings f - an uncursed ring of protection from shape changers Wands g - an uncursed wand of magic missile (0:8) Y - an uncursed wand of striking named -? (0:0) Tools b - an uncursed bag of holding containing 33 items e - an uncursed leash w - an uncursed magic whistle h - an uncursed +0 unicorn horn Gems/Stones M - an uncursed topaz stone L - an uncursed worthless piece of white glass d - 6 uncursed rocks (in quiver pouch) Contents of the bag of holding: 1731 gold pieces a cursed amulet of change a cursed amulet of guarding 20 uncursed +0 arrows a blessed +0 dagger named !c 3 uncursed +0 daggers an uncursed +0 mummy wrapping an uncursed cream pie an uncursed partly eaten cream pie 2 uncursed food rations an uncursed scroll of identify an uncursed potion of object detection an uncursed potion of water a cursed ring of aggravate monster a cursed ring of aggravate monster an uncursed ring of fire resistance a cursed -1 ring of gain constitution an uncursed +1 ring of increase accuracy an uncursed +1 ring of increase accuracy an uncursed +2 ring of increase damage an uncursed ring of levitation an uncursed ring of poison resistance a cursed ring of polymorph a cursed ring of polymorph an uncursed ring of polymorph control named !c an uncursed ring of searching an uncursed ring of see invisible an uncursed magic marker (0:80) an uncursed amethyst stone an uncursed worthless piece of green glass an uncursed worthless piece of red glass an uncursed worthless piece of yellowish brown glass 18 uncursed flint stones Horga the Cavewoman's attributes: Background: You were an Aborigine, a level 5 human Cavewoman. You were lawful, on a mission for Anu who was opposed by Ishtar (neutral) and Anshar (chaotic). You were in the Dungeons of Doom, on level 7. You entered the dungeon 6874 turns ago. It was the midnight hour. You had 319 experience points, 1 more was needed to attain level 6. Basics: You had 0 out of 40 hit points. You had all 14 energy points (spell power). Your armor class was -5. Your wallet contained 51 zorkmids, and you had 1731 more stashed away in your pack. Autopickup was on for '$?!/="*' plus thrown, with exceptions. Final Characteristics: Your strength was 16 (peak:18, limit:18/100). Your dexterity was 16 (limit:18). Your constitution was 17 (limit:18). Your intelligence was 8 (limit:18). Your wisdom was 11 (limit:18). Your charisma was 8 (limit:18). Final Status: You were not hungry. You were unencumbered. You were wielding a club. You had basic skill with club and could have enhanced that. Final Attributes: You were piously aligned. You were telepathic. You were stealthy. You had a small defense bonus (+2). You were guarded. You are dead. Miscellaneous: You never encountered a bones level. Total elapsed playing time was 1 hour, 22 minutes and 27 seconds. Major events: Turn 1: horga the lawful human Cavewoman entered the dungeon 1155: entered the Gnomish Mines 1417: attained the rank of Aborigine (level 3) 2859: reached Mine Town 6874: killed by a gray unicorn Vanquished creatures: a small mimic 3 watchmen 2 wolves an orc mummy a dingo a dog a jaguar a white unicorn a gnome mummy 2 human zombies a mountain nymph 8 Uruk-hai 2 rock moles a fog cloud 2 yellow lights a shrieker 3 gnome leaders 3 gnomish wizards a gray ooze 6 elf zombies a ghoul a baby crocodile 5 giant ants 4 little dogs a floating eye 6 dwarves a homunculus a kobold leader 6 rothes a centipede a giant bat 3 orc zombies a dwarf zombie a wererat a werejackal 2 iguanas 4 acid blobs a coyote a gas spore 4 hobbits 7 manes a large kobold a hobgoblin 17 gnomes 11 garter snakes 2 gnome zombies 5 geckos 14 jackals 2 foxes 2 goblins 8 grid bugs 4 bats 4 lichens 10 kobold zombies 2 newts 178 creatures vanquished. No species were genocided or became extinct. Voluntary challenges: You read items or engraved 35 times. You engraved Elbereth 26 times. You never genocided any monsters. You never polymorphed an object. You never changed form. You used no wishes. Achievements: You entered a shop. You entered the Gnomish Mines. You attained the rank of Aborigine. You entered Minetown. You entered a temple. The Dungeons of Doom: levels 1 to 7 Level 1: Level 2: A jewelers, a fountain. Level 3: An armor shop, an altar, a fountain. Level 4: Stairs down to The Gnomish Mines. Level 5: An altar to Anu, some fountains. Level 6: Some fountains. Level 7: <- You were here. Many fountains. Final resting place for you, killed by a gray unicorn. The Gnomish Mines: levels 5 to 7 Level 5: Level 6: Level 7: Many shops, a temple, a fountain. Game over: ---------- / \ / REST \ / IN \ / PEACE \ / \ | horga | | 1782 Au | | killed by a gray | | unicorn | | | | | | 2023 | *| * * * | * _________)/\\_//(\/(/\)/\//\/|_)_______ Goodbye horga the Cavewoman... You died in The Dungeons of Doom on dungeon level 7 with 3180 points, and 1782 pieces of gold, after 6874 moves. You were level 5 with a maximum of 40 hit points when you died.